[ AOE2 MATCH · #483924845 ]
UnrankedJapanese vs Vietnamese
[ REPLAY ANALYSIS · EXTRACTED FROM THE RECORDED GAME ]
Feudal
12:12
Castle
22:33
Imperial
42:18
| APM avg | 22.9 |
| APM peak | 65 |
| eAPM avg | 14.0 |
| Villagers / military | 110 / 71 |
Focus
⚔️ 18.1% · 🌾 81.9%
Spearman ×55 · Militia ×11 · Samurai ×4 · Monk ×1
Feudal
10:50
Castle
20:29
Imperial
33:10
| APM avg | 22.7 |
| APM peak | 51 |
| eAPM avg | 12.0 |
| Villagers / military | 111 / 94 |
Focus
⚔️ 26.8% · 🌾 73.2%
Cavalry Archer ×40 · Spearman ×31 · Magyar Huszar ×17 · Scout Cavalry ×4 · Monk ×2
Feudal
10:29
Castle
21:47
Imperial
35:23
| APM avg | 24.4 |
| APM peak | 50 |
| eAPM avg | 14.6 |
| Villagers / military | 117 / 111 |
Focus
⚔️ 34.9% · 🌾 65.1%
Rattan Archer ×49 · Archer ×29 · Skirmisher ×20 · Cavalry Archer ×13
Feudal
10:27
Castle
23:24
Imperial
35:24
| APM avg | 25.7 |
| APM peak | 51 |
| eAPM avg | 13.4 |
| Villagers / military | 83 / 124 |
Focus
⚔️ 39.8% · 🌾 60.2%
Archer ×97 · Spearman ×24 · Skirmisher ×2 · Monk ×1
Feudal
12:08
Castle
16:08
Imperial
37:50
| APM avg | 26.0 |
| APM peak | 51 |
| eAPM avg | 15.3 |
| Villagers / military | 151 / 75 |
Focus
⚔️ 28.3% · 🌾 71.7%
Archer ×64 · Shotel Warrior ×10 · Monk ×1
Feudal
9:45
Castle
20:08
Imperial
34:01
| APM avg | 33.9 |
| APM peak | 63 |
| eAPM avg | 14.9 |
| Villagers / military | 122 / 187 |
Focus
⚔️ 17.5% · 🌾 82.5%
Scout Cavalry ×94 · Knight ×93
Feudal
13:02
Castle
17:50
Imperial
34:43
| APM avg | 27.3 |
| APM peak | 55 |
| eAPM avg | 15.3 |
| Villagers / military | 117 / 128 |
Focus
⚔️ 14.6% · 🌾 85.4%
Knight ×128
Feudal
9:20
Castle
20:23
Imperial
32:33
| APM avg | 31.4 |
| APM peak | 76 |
| eAPM avg | 16.7 |
| Villagers / military | 118 / 193 |
Focus
⚔️ 25.5% · 🌾 74.5%
Tarkan ×132 · Scout Cavalry ×59 · Trade Cart ×40 · Monk ×1 · Spearman ×1
Match map
Initial resources + every placement click. Lines = walls · curves = elevation contours. ◆ gold · ⬟ stone · ● berries · ✦ relic · ◌ wall gap
Your base· Open — opponent sealed themselves in
Fabrikarbeiter's base· Open — opponent sealed themselves in
The_Count's base· ✓ Closed at 21:47 · 35t walls · no gate
emrek03's base· Open — opponent sealed themselves in
noelzey's base· Open — unwalled flank
zoid's base· ✓ Closed at 20:08 · 16t walls · no gate
AYKIRI's base· Open — unwalled flank
malte40's base· ✓ Closed at 20:23 · 31t walls · no gate
Smoothed initial terrain · ◌ = detected wall gap · hover for details
Inputs per minute
— Division 4 - - Fabrikarbeiter
Build order — Division 4
First 150 of 312 actions detected
| 0:02 | Create | Villager (Male) |
| 0:02 | Create | Villager (Male) |
| 0:04 | Build | House |
| 0:05 | Build | House |
| 0:12 | Create | Villager (Male) |
| 0:12 | Create | Villager (Male) |
| 1:37 | Create | Villager (Male) |
| 1:57 | Create | Villager (Male) |
| 2:25 | Create | Villager (Male) |
| 2:36 | Build | Lumber Camp |
| 3:05 | Create | Villager (Male) |
| 3:06 | Create | Villager (Male) |
| 3:23 | Create | Villager (Male) |
| 3:50 | Create | Villager (Male) |
| 3:50 | Create | Villager (Male) |
| 4:09 | Build | House |
| 4:13 | Build | House |
| 4:34 | Create | Villager (Male) |
| 5:05 | Create | Villager (Male) |
| 5:18 | Build | House |
| 5:23 | Build | Palisade Wall |
| 5:24 | Create | Villager (Male) |
| 5:52 | Build | Mill |
| 5:59 | Create | Villager (Male) |
| 6:23 | Build | Palisade Wall |
| 6:26 | Build | Palisade Wall |
| 6:28 | Create | Villager (Male) |
| 6:38 | Research | Loom |
| 7:00 | Create | Villager (Male) |
| 7:20 | Create | Villager (Male) |
| 8:33 | Build | Mining Camp |
| 8:40 | Build | Barracks |
| 8:45 | Build | Barracks |
| 8:47 | Create | Villager (Male) |
| 9:11 | Create | Villager (Male) |
| 9:27 | Build | House |
| 9:37 | Create | Villager (Male) |
| 9:59 | Research | Feudal Age |
| 10:18 | Build | House |
| 10:29 | Build | House |
| 10:34 | Build | House |
| 10:40 | Create | Militia |
| 10:40 | Create | Militia |
| 10:42 | Create | Militia |
| 10:42 | Create | Militia |
| 11:17 | Build | Palisade Wall |
| 11:26 | Create | Militia |
| 11:27 | Create | Militia |
| 11:53 | Build | Farm |
| 11:53 | Build | Farm |
| 11:53 | Build | Farm |
| 11:53 | Build | Farm |
| 11:54 | Build | Farm |
| 11:54 | Build | Farm |
| 11:58 | Create | Villager (Male) |
| 12:10 | Build | Farm |
| 12:12 | Age | Feudal Age |
| 12:32 | Research | Arson |
| 12:35 | Research | Man-at-Arms (upgrade) |
| 12:42 | Research | Double-Bit Axe |
| 12:51 | Build | House |
| 12:52 | Build | House |
| 12:58 | Create | Villager (Male) |
| 13:31 | Build | House |
| 13:33 | Build | Palisade Wall |
| 13:43 | Build | House |
| 13:50 | Create | Villager (Male) |
| 13:50 | Create | Villager (Male) |
| 13:52 | Build | Farm |
| 13:52 | Build | Farm |
| 13:53 | Build | Farm |
| 13:53 | Build | Farm |
| 14:28 | Build | Blacksmith |
| 14:34 | Create | Villager (Male) |
| 14:43 | Create | Militia |
| 14:44 | Create | Militia |
| 15:03 | Research | Forging |
| 15:03 | Research | Scale Mail Armor |
| 15:29 | Build | Market |
| 15:41 | Create | Villager (Male) |
| 15:42 | Create | Villager (Male) |
| 16:04 | Create | Militia |
| 16:04 | Create | Militia |
| 16:05 | Create | Militia |
| 16:23 | Build | Mill |
| 16:29 | Build | Farm |
| 16:29 | Build | Farm |
| 16:30 | Build | Farm |
| 16:30 | Build | Farm |
| 16:30 | Build | Farm |
| 17:07 | Create | Villager (Male) |
| 17:07 | Create | Villager (Male) |
| 17:25 | Create | Villager (Male) |
| 17:27 | Build | Farm |
| 17:43 | Build | Farm |
| 18:14 | Build | Farm |
| 18:16 | Create | Villager (Male) |
| 18:33 | Create | Villager (Male) |
| 19:04 | Build | Farm |
| 19:11 | Create | Villager (Male) |
| 19:46 | Build | Farm |
| 19:46 | Build | Farm |
| 19:53 | Research | Castle Age |
| 20:12 | Research | Gold Mining |
| 21:00 | Research | Horse Collar |
| 21:27 | Build | Archery Range |
| 21:29 | Build | Archery Range |
| 21:36 | Build | Farm |
| 21:36 | Build | Farm |
| 21:37 | Build | Farm |
| 21:37 | Build | Farm |
| 21:37 | Build | Farm |
| 21:37 | Build | Farm |
| 21:38 | Build | Farm |
| 21:38 | Build | Farm |
| 21:52 | Create | Villager (Male) |
| 22:11 | Build | Stable |
| 22:25 | Build | Farm |
| 22:30 | Create | Villager (Male) |
| 22:33 | Age | Castle Age |
| 22:45 | Build | Town Center |
| 22:50 | Create | Villager (Male) |
| 22:58 | Research | Squires |
| 23:07 | Research | Bow Saw |
| 23:27 | Build | Town Center |
| 23:40 | Create | Villager (Male) |
| 23:46 | Research | Chain Mail Armor |
| 24:15 | Create | Villager (Male) |
| 24:16 | Create | Villager (Male) |
| 24:21 | Research | Town Watch |
| 24:21 | Research | Wheelbarrow |
| 25:01 | Create | Villager (Male) |
| 25:01 | Create | Villager (Male) |
| 25:05 | Create | Villager (Male) |
| 25:10 | Research | Stone Mining |
| 25:25 | Create | Villager (Male) |
| 25:26 | Create | Villager (Male) |
| 26:10 | Create | Villager (Male) |
| 26:14 | Create | Villager (Male) |
| 26:30 | Build | House |
| 26:57 | Build | House |
| 27:02 | Create | Villager (Male) |
| 27:02 | Create | Villager (Male) |
| 27:11 | Create | Villager (Male) |
| 27:22 | Research | Fletching |
| 27:26 | Create | Villager (Male) |
| 27:31 | Build | House |
| 27:33 | Build | House |
| 27:35 | Build | House |
| 27:39 | Create | Villager (Male) |
Build order — Fabrikarbeiter
First 150 of 299 actions detected
| 0:01 | Create | Villager (Male) |
| 0:02 | Create | Villager (Male) |
| 0:02 | Create | Villager (Male) |
| 0:02 | Create | Villager (Male) |
| 0:03 | Build | House |
| 0:05 | Build | House |
| 1:42 | Create | Villager (Male) |
| 1:47 | Build | Lumber Camp |
| 1:48 | Create | Villager (Male) |
| 2:07 | Create | Villager (Male) |
| 2:37 | Create | Villager (Male) |
| 3:20 | Create | Villager (Male) |
| 3:31 | Create | Villager (Male) |
| 3:59 | Build | House |
| 4:03 | Build | House |
| 4:09 | Create | Villager (Male) |
| 4:22 | Build | Mill |
| 4:35 | Create | Villager (Male) |
| 4:37 | Create | Villager (Male) |
| 5:29 | Create | Villager (Male) |
| 5:56 | Create | Villager (Male) |
| 5:56 | Create | Villager (Male) |
| 6:31 | Create | Villager (Male) |
| 6:36 | Research | Loom |
| 7:15 | Create | Villager (Male) |
| 7:47 | Create | Villager (Male) |
| 8:03 | Build | Barracks |
| 8:09 | Create | Villager (Male) |
| 8:17 | Build | House |
| 8:40 | Research | Feudal Age |
| 9:14 | Build | Lumber Camp |
| 9:23 | Build | House |
| 9:54 | Create | Villager (Male) |
| 10:22 | Build | House |
| 10:26 | Build | House |
| 10:50 | Age | Feudal Age |
| 10:56 | Build | Stable |
| 10:57 | Create | Spearman |
| 11:21 | Create | Villager (Male) |
| 11:22 | Create | Villager (Male) |
| 11:23 | Build | Farm |
| 11:26 | Research | Horse Collar |
| 11:48 | Build | House |
| 11:52 | Create | Scout Cavalry |
| 11:52 | Create | Scout Cavalry |
| 11:52 | Create | Scout Cavalry |
| 12:05 | Create | Villager (Male) |
| 12:07 | Build | Farm |
| 12:12 | Build | Farm |
| 12:15 | Create | Villager (Male) |
| 12:17 | Build | Farm |
| 12:28 | Build | Palisade Wall |
| 12:47 | Create | Villager (Male) |
| 12:58 | Build | Mining Camp |
| 13:00 | Create | Villager (Male) |
| 13:14 | Create | Spearman |
| 13:26 | Build | Palisade Gate |
| 13:41 | Build | Farm |
| 13:54 | Create | Spearman |
| 14:08 | Create | Villager (Male) |
| 14:35 | Create | Spearman |
| 14:37 | Create | Villager (Male) |
| 14:45 | Create | Villager (Male) |
| 14:48 | Build | Farm |
| 15:02 | Create | Villager (Male) |
| 15:07 | Build | Farm |
| 15:09 | Build | Farm |
| 15:12 | Build | Farm |
| 15:35 | Create | Villager (Male) |
| 15:40 | Build | Farm |
| 16:14 | Create | Villager (Male) |
| 16:23 | Build | Blacksmith |
| 16:30 | Build | Farm |
| 16:39 | Create | Villager (Male) |
| 17:07 | Create | Villager (Male) |
| 17:18 | Build | Farm |
| 17:21 | Build | Farm |
| 17:49 | Research | Castle Age |
| 18:17 | Build | Mining Camp |
| 18:19 | Build | Archery Range |
| 18:36 | Research | Double-Bit Axe |
| 18:52 | Research | Bloodlines |
| 19:14 | Build | Archery Range |
| 19:27 | Research | Fletching |
| 19:38 | Create | Villager (Male) |
| 20:23 | Create | Scout Cavalry |
| 20:29 | Age | Castle Age |
| 20:30 | Build | Palisade Gate |
| 20:35 | Create | Cavalry Archer |
| 20:35 | Create | Cavalry Archer |
| 20:36 | Create | Cavalry Archer |
| 20:37 | Create | Cavalry Archer |
| 20:39 | Research | Bodkin Arrow |
| 20:40 | Create | Villager (Male) |
| 20:56 | Build | Farm |
| 21:00 | Create | Villager (Male) |
| 21:09 | Build | Palisade Wall |
| 21:11 | Create | Cavalry Archer |
| 21:12 | Create | Cavalry Archer |
| 21:20 | Build | House |
| 21:21 | Build | House |
| 21:21 | Build | House |
| 21:22 | Build | House |
| 21:39 | Research | Husbandry |
| 21:50 | Research | Heavy Plow |
| 21:59 | Create | Cavalry Archer |
| 22:33 | Create | Villager (Male) |
| 22:34 | Create | Cavalry Archer |
| 22:39 | Create | Villager (Male) |
| 23:05 | Build | Town Center |
| 23:07 | Create | Villager (Male) |
| 23:09 | Create | Cavalry Archer |
| 23:09 | Create | Cavalry Archer |
| 23:30 | Build | Monastery |
| 23:31 | Create | Villager (Male) |
| 23:55 | Build | House |
| 23:56 | Build | House |
| 23:58 | Build | House |
| 23:59 | Create | Villager (Male) |
| 24:41 | Create | Villager (Male) |
| 24:41 | Create | Villager (Male) |
| 24:43 | Create | Cavalry Archer |
| 24:43 | Create | Cavalry Archer |
| 25:03 | Create | Cavalry Archer |
| 25:12 | Create | Villager (Male) |
| 25:28 | Create | Villager (Male) |
| 25:32 | Create | Monk |
| 25:35 | Build | House |
| 25:36 | Build | House |
| 25:38 | Build | House |
| 25:39 | Build | House |
| 25:40 | Create | Villager (Male) |
| 25:42 | Build | Farm |
| 25:44 | Build | Farm |
| 25:54 | Create | Villager (Male) |
| 26:00 | Create | Villager (Male) |
| 26:09 | Build | Farm |
| 26:11 | Build | Farm |
| 26:14 | Create | Villager (Male) |
| 26:18 | Create | Villager (Male) |
| 26:27 | Create | Villager (Male) |
| 26:55 | Build | Farm |
| 27:16 | Create | Villager (Male) |
| 27:16 | Create | Villager (Male) |
| 27:17 | Create | Villager (Male) |
| 27:27 | Build | Castle |
| 27:29 | Build | Mining Camp |
| 27:38 | Research | Wheelbarrow |
| 27:38 | Create | Villager (Male) |
| 27:42 | Build | Farm |
Build order — The_Count
First 150 of 368 actions detected
| 0:01 | Create | Villager (Male) |
| 0:01 | Create | Villager (Male) |
| 0:02 | Build | House |
| 0:04 | Build | House |
| 0:12 | Create | Villager (Male) |
| 0:31 | Create | Villager (Male) |
| 1:28 | Create | Villager (Male) |
| 2:01 | Create | Villager (Male) |
| 2:05 | Build | Lumber Camp |
| 2:27 | Create | Villager (Male) |
| 2:54 | Create | Villager (Male) |
| 3:10 | Build | House |
| 3:16 | Build | House |
| 3:24 | Create | Villager (Male) |
| 3:51 | Create | Villager (Male) |
| 4:21 | Create | Villager (Male) |
| 4:22 | Create | Villager (Male) |
| 4:26 | Create | Villager (Male) |
| 5:22 | Create | Villager (Male) |
| 5:54 | Create | Villager (Male) |
| 6:37 | Create | Villager (Male) |
| 6:57 | Create | Villager (Male) |
| 6:57 | Create | Villager (Male) |
| 6:58 | Research | Loom |
| 7:06 | Research | Loom |
| 7:24 | Build | Barracks |
| 7:39 | Build | Mill |
| 7:50 | Create | Villager (Male) |
| 8:19 | Research | Feudal Age |
| 8:55 | Build | House |
| 9:30 | Build | Mining Camp |
| 10:07 | Build | House |
| 10:29 | Age | Feudal Age |
| 10:31 | Create | Villager (Male) |
| 10:32 | Create | Villager (Male) |
| 10:36 | Build | Archery Range |
| 10:42 | Research | Double-Bit Axe |
| 10:42 | Research | Horse Collar |
| 10:45 | Create | Villager (Male) |
| 10:52 | Build | House |
| 11:10 | Build | Palisade Wall |
| 11:12 | Create | Villager (Male) |
| 11:21 | Build | House |
| 11:22 | Build | House |
| 11:23 | Build | House |
| 11:25 | Build | House |
| 11:28 | Build | Palisade Wall |
| 11:33 | Build | Palisade Wall |
| 11:35 | Create | Archer |
| 11:36 | Create | Archer |
| 11:43 | Create | Archer |
| 11:47 | Create | Villager (Male) |
| 12:00 | Build | Blacksmith |
| 12:03 | Build | Palisade Wall |
| 12:13 | Create | Villager (Male) |
| 12:16 | Build | Farm |
| 12:23 | Build | Farm |
| 12:41 | Create | Villager (Male) |
| 12:48 | Research | Fletching |
| 13:08 | Create | Villager (Male) |
| 13:11 | Build | Farm |
| 13:25 | Build | Lumber Camp |
| 13:26 | Create | Villager (Male) |
| 13:29 | Create | Archer |
| 13:46 | Build | House |
| 13:48 | Create | Villager (Male) |
| 14:03 | Create | Archer |
| 14:03 | Create | Archer |
| 14:16 | Create | Villager (Male) |
| 14:18 | Create | Archer |
| 14:29 | Build | Market |
| 14:30 | Build | House |
| 14:31 | Build | House |
| 14:32 | Create | Villager (Male) |
| 15:13 | Create | Villager (Male) |
| 15:35 | Create | Archer |
| 15:36 | Create | Archer |
| 15:38 | Create | Villager (Male) |
| 15:38 | Create | Villager (Male) |
| 15:46 | Build | Farm |
| 15:47 | Build | Farm |
| 15:47 | Build | Farm |
| 15:47 | Build | Farm |
| 15:48 | Build | Farm |
| 16:45 | Build | House |
| 16:46 | Build | House |
| 16:49 | Build | House |
| 16:50 | Build | House |
| 17:37 | Create | Villager (Male) |
| 17:57 | Build | House |
| 18:01 | Create | Villager (Male) |
| 18:05 | Build | House |
| 18:19 | Build | House |
| 18:25 | Create | Archer |
| 18:25 | Create | Archer |
| 18:25 | Create | Archer |
| 18:39 | Build | Farm |
| 18:39 | Build | Farm |
| 18:39 | Build | Farm |
| 18:40 | Build | Farm |
| 18:47 | Create | Villager (Male) |
| 18:58 | Build | Farm |
| 18:58 | Build | Farm |
| 18:59 | Build | Farm |
| 19:07 | Research | Castle Age |
| 19:09 | Create | Villager (Male) |
| 19:21 | Build | Mining Camp |
| 19:45 | Build | House |
| 19:55 | Build | Palisade Wall |
| 20:10 | Create | Villager (Male) |
| 20:26 | Build | Stone Wall |
| 20:28 | Create | Villager (Male) |
| 20:36 | Build | House |
| 20:38 | Create | Villager (Male) |
| 20:44 | Build | Farm |
| 20:46 | Build | Farm |
| 20:46 | Build | Farm |
| 20:50 | Create | Villager (Male) |
| 20:50 | Create | Villager (Male) |
| 21:11 | Create | Villager (Male) |
| 21:16 | Build | House |
| 21:19 | Build | House |
| 21:23 | Create | Villager (Male) |
| 21:40 | Create | Villager (Male) |
| 21:47 | Age | Castle Age |
| 21:50 | Research | Crossbowman (upgrade) |
| 21:55 | Create | Villager (Male) |
| 21:56 | Create | Villager (Male) |
| 22:10 | Build | Town Center |
| 22:13 | Research | Bow Saw |
| 22:18 | Build | House |
| 22:29 | Create | Villager (Male) |
| 22:34 | Build | Farm |
| 22:35 | Create | Villager (Male) |
| 22:50 | Create | Villager (Male) |
| 22:52 | Create | Cavalry Archer |
| 22:54 | Create | Cavalry Archer |
| 23:05 | Create | Villager (Male) |
| 23:08 | Research | Gold Mining |
| 23:12 | Research | Heavy Plow |
| 23:16 | Create | Villager (Male) |
| 23:27 | Create | Archer |
| 23:27 | Create | Archer |
| 23:28 | Create | Archer |
| 23:28 | Create | Archer |
| 23:30 | Create | Villager (Male) |
| 23:40 | Create | Villager (Male) |
| 23:42 | Create | Villager (Male) |
| 23:43 | Create | Villager (Male) |
| 23:43 | Create | Villager (Male) |
Build order — emrek03
First 150 of 304 actions detected
| 0:03 | Create | Villager (Male) |
| 0:03 | Create | Villager (Male) |
| 0:03 | Create | Villager (Male) |
| 0:05 | Build | House |
| 0:06 | Build | House |
| 0:43 | Create | Villager (Male) |
| 1:45 | Create | Villager (Male) |
| 1:49 | Build | Lumber Camp |
| 2:17 | Create | Villager (Male) |
| 2:31 | Create | Villager (Male) |
| 3:10 | Create | Villager (Male) |
| 3:34 | Create | Villager (Male) |
| 3:34 | Create | Villager (Male) |
| 3:34 | Create | Villager (Male) |
| 3:38 | Build | House |
| 4:09 | Create | Villager (Male) |
| 4:59 | Create | Villager (Male) |
| 5:00 | Create | Villager (Male) |
| 5:14 | Create | Villager (Male) |
| 5:15 | Create | Villager (Male) |
| 5:39 | Create | Villager (Male) |
| 5:45 | Build | Mill |
| 5:48 | Create | Villager (Male) |
| 6:02 | Create | Villager (Male) |
| 6:02 | Create | Villager (Male) |
| 6:17 | Create | Villager (Male) |
| 6:39 | Create | Villager (Male) |
| 7:00 | Build | House |
| 7:25 | Build | House |
| 7:27 | Create | Villager (Male) |
| 7:40 | Create | Villager (Male) |
| 7:52 | Research | Loom |
| 7:52 | Research | Feudal Age |
| 8:05 | Create | Villager (Male) |
| 8:14 | Build | Barracks |
| 8:17 | Create | Villager (Male) |
| 8:53 | Build | House |
| 9:05 | Build | Palisade Wall |
| 9:15 | Build | Palisade Wall |
| 9:17 | Create | Villager (Male) |
| 9:26 | Build | Palisade Wall |
| 9:46 | Create | Villager (Male) |
| 10:27 | Age | Feudal Age |
| 10:30 | Build | Palisade Wall |
| 10:31 | Build | Palisade Wall |
| 10:32 | Build | Palisade Wall |
| 10:44 | Build | Archery Range |
| 10:46 | Research | Double-Bit Axe |
| 10:53 | Build | Palisade Gate |
| 10:55 | Create | Villager (Male) |
| 11:05 | Create | Villager (Male) |
| 11:32 | Create | Archer |
| 11:32 | Create | Archer |
| 11:38 | Build | Lumber Camp |
| 11:45 | Create | Villager (Male) |
| 11:53 | Create | Villager (Male) |
| 12:04 | Build | House |
| 12:07 | Build | House |
| 12:09 | Create | Villager (Male) |
| 12:17 | Create | Archer |
| 12:37 | Build | Mining Camp |
| 12:50 | Create | Skirmisher |
| 12:53 | Create | Skirmisher |
| 13:52 | Create | Villager (Male) |
| 13:56 | Create | Villager (Male) |
| 14:06 | Create | Archer |
| 14:49 | Create | Villager (Male) |
| 14:50 | Create | Villager (Male) |
| 14:59 | Create | Villager (Male) |
| 15:04 | Create | Archer |
| 15:04 | Create | Archer |
| 15:04 | Create | Archer |
| 15:29 | Build | Farm |
| 15:32 | Build | Farm |
| 15:34 | Research | Horse Collar |
| 15:41 | Create | Archer |
| 15:45 | Create | Villager (Male) |
| 15:50 | Build | Farm |
| 15:52 | Build | Farm |
| 15:58 | Build | Farm |
| 16:05 | Build | Farm |
| 16:07 | Build | Farm |
| 16:11 | Build | Farm |
| 16:13 | Create | Villager (Male) |
| 16:15 | Create | Archer |
| 16:21 | Build | Blacksmith |
| 16:31 | Create | Archer |
| 16:38 | Build | House |
| 16:40 | Build | House |
| 16:47 | Build | Farm |
| 16:47 | Build | Farm |
| 16:48 | Build | Farm |
| 17:18 | Create | Villager (Male) |
| 17:21 | Research | Fletching |
| 17:33 | Build | Farm |
| 17:33 | Build | Farm |
| 17:33 | Build | Farm |
| 17:38 | Research | Gold Mining |
| 17:45 | Create | Villager (Male) |
| 17:51 | Build | House |
| 17:52 | Build | House |
| 17:54 | Build | House |
| 17:55 | Build | House |
| 17:59 | Create | Villager (Male) |
| 18:04 | Create | Archer |
| 18:53 | Create | Villager (Male) |
| 19:05 | Create | Villager (Male) |
| 19:09 | Build | Farm |
| 19:10 | Build | Farm |
| 19:17 | Build | Farm |
| 19:18 | Build | Farm |
| 19:19 | Build | Farm |
| 19:59 | Create | Archer |
| 19:59 | Create | Archer |
| 20:06 | Build | House |
| 20:09 | Build | House |
| 20:14 | Build | House |
| 20:42 | Create | Villager (Male) |
| 20:43 | Research | Castle Age |
| 20:50 | Create | Archer |
| 20:56 | Build | Archery Range |
| 21:04 | Research | Padded Archer Armor |
| 22:26 | Build | Archery Range |
| 22:29 | Create | Archer |
| 22:30 | Create | Archer |
| 22:30 | Create | Archer |
| 22:30 | Create | Archer |
| 22:35 | Create | Archer |
| 22:35 | Create | Archer |
| 22:36 | Create | Villager (Male) |
| 23:09 | Create | Archer |
| 23:09 | Create | Archer |
| 23:09 | Create | Archer |
| 23:24 | Age | Castle Age |
| 23:27 | Build | University |
| 23:33 | Research | Crossbowman (upgrade) |
| 23:35 | Research | Bodkin Arrow |
| 23:36 | Research | Leather Archer Armor |
| 23:38 | Research | Thumb Ring |
| 23:41 | Create | Archer |
| 23:42 | Create | Archer |
| 23:44 | Create | Villager (Male) |
| 23:44 | Create | Villager (Male) |
| 24:37 | Create | Villager (Male) |
| 24:45 | Create | Archer |
| 24:45 | Create | Archer |
| 24:46 | Create | Archer |
| 24:46 | Create | Archer |
| 24:46 | Create | Archer |
| 25:03 | Create | Spearman |
Build order — noelzey
First 150 of 418 actions detected
| 0:02 | Create | Villager (Male) |
| 0:02 | Create | Villager (Male) |
| 0:03 | Build | House |
| 0:05 | Build | House |
| 0:27 | Create | Villager (Male) |
| 0:31 | Create | Villager (Male) |
| 1:48 | Create | Villager (Male) |
| 1:58 | Create | Villager (Male) |
| 1:58 | Create | Villager (Male) |
| 2:22 | Create | Villager (Male) |
| 2:39 | Build | Lumber Camp |
| 2:40 | Create | Villager (Male) |
| 2:46 | Build | House |
| 2:54 | Create | Villager (Male) |
| 3:26 | Build | House |
| 3:29 | Create | Villager (Male) |
| 3:53 | Build | Palisade Wall |
| 3:54 | Build | Palisade Wall |
| 4:18 | Create | Villager (Male) |
| 5:07 | Create | Villager (Male) |
| 5:07 | Create | Villager (Male) |
| 5:24 | Create | Villager (Male) |
| 5:49 | Build | Mill |
| 6:16 | Create | Villager (Male) |
| 6:55 | Create | Villager (Male) |
| 6:56 | Create | Villager (Male) |
| 7:48 | Create | Villager (Male) |
| 8:18 | Create | Villager (Male) |
| 8:19 | Research | Loom |
| 8:20 | Create | Villager (Male) |
| 8:32 | Build | House |
| 8:34 | Build | Palisade Wall |
| 9:10 | Create | Villager (Male) |
| 9:13 | Create | Villager (Male) |
| 9:20 | Research | Feudal Age |
| 10:18 | Create | Villager (Male) |
| 10:29 | Build | Palisade Wall |
| 10:36 | Build | Mining Camp |
| 12:08 | Age | Feudal Age |
| 12:18 | Build | Market |
| 12:29 | Create | Villager (Male) |
| 12:35 | Build | Blacksmith |
| 13:03 | Create | Villager (Male) |
| 13:14 | Build | House |
| 13:16 | Build | Palisade Wall |
| 13:20 | Research | Castle Age |
| 13:41 | Build | Barracks |
| 13:54 | Build | Palisade Wall |
| 14:07 | Build | House |
| 14:37 | Build | Archery Range |
| 14:39 | Research | Fletching |
| 14:42 | Build | House |
| 14:44 | Build | House |
| 14:53 | Build | Lumber Camp |
| 15:13 | Create | Archer |
| 15:13 | Create | Archer |
| 15:14 | Create | Archer |
| 15:19 | Build | House |
| 16:08 | Build | House |
| 16:08 | Age | Castle Age |
| 16:14 | Research | Crossbowman (upgrade) |
| 16:14 | Create | Archer |
| 16:27 | Create | Villager (Male) |
| 16:28 | Create | Villager (Male) |
| 16:43 | Build | Town Center |
| 16:54 | Build | Archery Range |
| 16:56 | Research | Bodkin Arrow |
| 17:02 | Build | Farm |
| 17:21 | Create | Villager (Male) |
| 17:28 | Create | Villager (Male) |
| 17:30 | Create | Archer |
| 17:59 | Build | House |
| 18:17 | Create | Villager (Male) |
| 18:17 | Create | Villager (Male) |
| 18:20 | Create | Archer |
| 18:20 | Create | Archer |
| 18:34 | Build | Farm |
| 18:35 | Build | Farm |
| 18:35 | Build | Farm |
| 18:35 | Build | Farm |
| 18:35 | Build | Farm |
| 19:24 | Create | Archer |
| 19:24 | Create | Archer |
| 19:24 | Create | Archer |
| 19:48 | Create | Villager (Male) |
| 19:51 | Create | Archer |
| 19:52 | Create | Archer |
| 19:56 | Build | Farm |
| 19:57 | Build | Farm |
| 19:57 | Build | Farm |
| 19:57 | Build | Farm |
| 19:57 | Build | Farm |
| 20:26 | Create | Villager (Male) |
| 20:29 | Create | Archer |
| 20:29 | Create | Archer |
| 20:40 | Create | Archer |
| 20:40 | Create | Archer |
| 20:40 | Create | Archer |
| 20:40 | Create | Archer |
| 20:44 | Create | Villager (Male) |
| 21:11 | Create | Villager (Male) |
| 21:12 | Create | Archer |
| 21:12 | Create | Archer |
| 21:13 | Create | Archer |
| 21:27 | Create | Villager (Male) |
| 21:46 | Create | Villager (Male) |
| 21:47 | Create | Archer |
| 21:47 | Create | Archer |
| 21:48 | Create | Archer |
| 22:20 | Build | Town Center |
| 22:23 | Build | Farm |
| 22:23 | Build | Farm |
| 22:23 | Build | Farm |
| 22:24 | Build | Farm |
| 22:24 | Build | Farm |
| 22:28 | Build | Farm |
| 22:29 | Build | Farm |
| 22:30 | Build | Farm |
| 22:30 | Build | Farm |
| 22:30 | Build | Farm |
| 22:30 | Build | Farm |
| 22:32 | Create | Villager (Male) |
| 22:33 | Create | Villager (Male) |
| 22:50 | Create | Villager (Male) |
| 22:50 | Create | Villager (Male) |
| 22:58 | Build | House |
| 23:16 | Research | Double-Bit Axe |
| 23:16 | Research | Double-Bit Axe |
| 23:21 | Build | Farm |
| 23:21 | Build | Farm |
| 23:21 | Build | Farm |
| 23:22 | Build | Farm |
| 23:22 | Build | Farm |
| 23:22 | Build | Farm |
| 23:30 | Create | Villager (Male) |
| 23:51 | Build | Farm |
| 23:52 | Build | Farm |
| 23:52 | Build | Farm |
| 23:55 | Create | Villager (Male) |
| 23:56 | Create | Villager (Male) |
| 24:08 | Create | Villager (Male) |
| 24:40 | Create | Villager (Male) |
| 24:40 | Create | Villager (Male) |
| 24:41 | Create | Villager (Male) |
| 24:41 | Create | Villager (Male) |
| 24:55 | Build | Farm |
| 24:55 | Build | Farm |
| 24:55 | Build | Farm |
| 24:55 | Build | Farm |
| 24:56 | Build | Farm |
Build order — zoid
First 150 of 356 actions detected
| 0:00 | Create | Villager (Male) |
| 0:01 | Create | Villager (Male) |
| 0:02 | Build | House |
| 0:03 | Build | House |
| 0:30 | Create | Villager (Male) |
| 0:41 | Create | Villager (Male) |
| 0:44 | Create | Villager (Male) |
| 1:25 | Create | Villager (Male) |
| 1:52 | Create | Villager (Male) |
| 2:25 | Create | Villager (Male) |
| 2:37 | Create | Villager (Male) |
| 2:49 | Build | Lumber Camp |
| 2:56 | Create | Villager (Male) |
| 3:29 | Create | Villager (Male) |
| 3:40 | Build | House |
| 3:55 | Create | Villager (Male) |
| 5:02 | Create | Villager (Male) |
| 5:15 | Create | Villager (Male) |
| 6:15 | Create | Villager (Male) |
| 6:15 | Create | Villager (Male) |
| 6:50 | Create | Villager (Male) |
| 6:51 | Build | Mill |
| 7:05 | Research | Loom |
| 7:36 | Build | Barracks |
| 7:41 | Research | Feudal Age |
| 7:54 | Create | Villager (Male) |
| 8:01 | Build | House |
| 8:41 | Create | Villager (Male) |
| 9:06 | Create | Villager (Male) |
| 9:19 | Build | House |
| 9:21 | Build | Palisade Wall |
| 9:24 | Build | Palisade Wall |
| 9:45 | Age | Feudal Age |
| 9:45 | Research | Double-Bit Axe |
| 9:51 | Build | Stable |
| 10:01 | Create | Villager (Male) |
| 10:18 | Create | Villager (Male) |
| 10:25 | Research | Horse Collar |
| 10:35 | Build | Palisade Wall |
| 10:40 | Build | Palisade Wall |
| 10:44 | Build | Palisade Wall |
| 11:00 | Build | Farm |
| 11:00 | Build | Farm |
| 11:00 | Build | Farm |
| 11:00 | Build | Farm |
| 11:01 | Build | Farm |
| 11:02 | Build | Farm |
| 11:25 | Create | Scout Cavalry |
| 11:25 | Create | Scout Cavalry |
| 11:39 | Build | Farm |
| 11:42 | Build | Farm |
| 11:53 | Create | Villager (Male) |
| 11:53 | Create | Villager (Male) |
| 12:01 | Build | Farm |
| 12:05 | Build | Farm |
| 12:09 | Build | Farm |
| 12:12 | Create | Villager (Male) |
| 12:13 | Create | Scout Cavalry |
| 12:24 | Build | Farm |
| 12:45 | Build | Mining Camp |
| 13:00 | Create | Villager (Male) |
| 13:00 | Create | Villager (Male) |
| 13:07 | Research | Wheelbarrow |
| 13:10 | Build | House |
| 13:14 | Build | House |
| 13:50 | Create | Villager (Male) |
| 14:06 | Create | Villager (Male) |
| 14:10 | Build | House |
| 14:14 | Build | Farm |
| 14:19 | Create | Villager (Male) |
| 14:51 | Create | Villager (Male) |
| 15:00 | Research | Gold Mining |
| 15:01 | Create | Villager (Male) |
| 15:07 | Build | Farm |
| 15:44 | Create | Villager (Male) |
| 15:48 | Build | Farm |
| 16:00 | Build | Blacksmith |
| 16:03 | Build | Farm |
| 16:17 | Create | Villager (Male) |
| 16:57 | Create | Villager (Male) |
| 17:17 | Create | Villager (Male) |
| 17:26 | Research | Castle Age |
| 17:45 | Create | Scout Cavalry |
| 17:48 | Research | Scale Barding Armor |
| 18:30 | Research | Stone Mining |
| 19:05 | Create | Villager (Male) |
| 19:29 | Build | Stable |
| 19:41 | Build | Farm |
| 19:41 | Build | Farm |
| 19:41 | Build | Farm |
| 19:55 | Research | Bloodlines |
| 20:01 | Research | Forging |
| 20:08 | Age | Castle Age |
| 20:09 | Research | Bow Saw |
| 20:11 | Create | Villager (Male) |
| 20:12 | Create | Villager (Male) |
| 20:23 | Build | Town Center |
| 20:32 | Build | Farm |
| 20:32 | Build | Farm |
| 20:36 | Create | Knight ×4 |
| 20:42 | Build | House |
| 20:44 | Build | House |
| 20:51 | Create | Villager (Male) |
| 20:51 | Create | Villager (Male) |
| 21:19 | Create | Villager (Male) |
| 21:19 | Create | Villager (Male) |
| 22:06 | Build | Palisade Wall |
| 22:08 | Create | Villager (Male) |
| 22:08 | Create | Villager (Male) |
| 22:10 | Research | Hand Cart |
| 22:19 | Research | Husbandry |
| 22:35 | Create | Villager (Male) |
| 22:35 | Create | Villager (Male) |
| 22:55 | Create | Villager (Male) |
| 22:55 | Create | Villager (Male) |
| 23:21 | Build | Town Center |
| 23:24 | Create | Villager (Male) |
| 23:24 | Create | Villager (Male) |
| 23:38 | Build | Farm |
| 23:52 | Build | Farm |
| 23:52 | Build | Farm |
| 24:04 | Create | Villager (Male) |
| 24:04 | Create | Villager (Male) |
| 24:07 | Build | Farm |
| 24:38 | Create | Villager (Male) |
| 24:38 | Create | Villager (Male) |
| 24:38 | Create | Villager (Male) |
| 24:38 | Create | Villager (Male) |
| 24:44 | Build | Farm |
| 24:44 | Build | Farm |
| 24:44 | Build | Farm |
| 24:47 | Create | Villager (Male) |
| 24:47 | Create | Villager (Male) |
| 24:53 | Build | Farm |
| 24:57 | Build | Farm |
| 25:12 | Build | Farm |
| 25:21 | Create | Villager (Male) |
| 25:21 | Create | Villager (Male) |
| 25:21 | Create | Villager (Male) |
| 25:27 | Build | Farm |
| 25:27 | Build | Farm |
| 25:28 | Build | Farm |
| 25:34 | Build | House |
| 25:35 | Build | House |
| 25:36 | Build | House |
| 25:37 | Build | House |
| 25:47 | Create | Villager (Male) |
| 25:48 | Create | Villager (Male) |
| 25:48 | Create | Villager (Male) |
| 26:09 | Create | Villager (Male) |
Build order — AYKIRI
First 150 of 305 actions detected
| 0:02 | Create | Villager (Male) |
| 0:02 | Create | Villager (Male) |
| 0:04 | Build | House |
| 0:05 | Build | House |
| 0:42 | Create | Villager (Male) |
| 1:13 | Create | Villager (Male) |
| 1:53 | Build | Lumber Camp |
| 1:57 | Create | Villager (Male) |
| 1:58 | Create | Villager (Male) |
| 2:30 | Create | Villager (Male) |
| 2:59 | Create | Villager (Male) |
| 3:25 | Research | Loom |
| 3:27 | Create | Villager (Male) |
| 3:48 | Build | House |
| 3:58 | Build | Mill |
| 4:24 | Create | Villager (Male) |
| 4:27 | Create | Villager (Male) |
| 5:10 | Create | Villager (Male) |
| 5:43 | Create | Villager (Male) |
| 6:03 | Build | Palisade Wall |
| 6:22 | Create | Villager (Male) |
| 6:22 | Create | Villager (Male) |
| 7:20 | Build | Mining Camp |
| 7:39 | Create | Villager (Male) |
| 7:40 | Create | Villager (Male) |
| 7:45 | Build | House |
| 8:19 | Create | Villager (Male) |
| 8:20 | Create | Villager (Male) |
| 8:26 | Build | House |
| 9:08 | Create | Villager (Male) |
| 9:24 | Build | Mill |
| 9:29 | Create | Villager (Male) |
| 9:29 | Create | Villager (Male) |
| 10:52 | Research | Feudal Age |
| 11:14 | Build | Palisade Wall |
| 11:21 | Build | Palisade Wall |
| 11:30 | Build | Palisade Wall |
| 11:44 | Build | House |
| 11:45 | Build | House |
| 12:17 | Build | Palisade Wall |
| 12:21 | Build | Palisade Wall |
| 12:37 | Create | Villager (Male) |
| 12:37 | Create | Villager (Male) |
| 13:02 | Age | Feudal Age |
| 13:03 | Build | House |
| 13:53 | Build | Market |
| 14:01 | Build | Blacksmith |
| 14:53 | Build | Farm |
| 14:55 | Build | Farm |
| 14:56 | Build | Farm |
| 14:57 | Build | Farm |
| 14:58 | Build | Farm |
| 15:10 | Research | Castle Age |
| 15:23 | Build | Farm |
| 15:24 | Build | Farm |
| 15:26 | Build | Farm |
| 15:27 | Build | Farm |
| 16:06 | Build | Barracks |
| 16:14 | Create | Villager (Male) |
| 16:14 | Create | Villager (Male) |
| 16:35 | Research | Double-Bit Axe |
| 17:07 | Build | Stable |
| 17:50 | Age | Castle Age |
| 18:13 | Build | Town Center |
| 18:19 | Create | Knight |
| 18:19 | Create | Knight |
| 18:37 | Build | Palisade Gate |
| 18:40 | Create | Villager (Male) |
| 18:40 | Create | Villager (Male) |
| 18:51 | Research | Bow Saw |
| 18:57 | Build | House |
| 18:58 | Build | House |
| 18:58 | Build | House |
| 18:58 | Build | House |
| 18:59 | Build | House |
| 19:04 | Create | Villager (Male) |
| 19:09 | Create | Knight |
| 19:37 | Build | House |
| 19:44 | Create | Villager (Male) |
| 19:44 | Create | Villager (Male) |
| 19:57 | Create | Villager (Male) |
| 19:57 | Create | Villager (Male) |
| 20:11 | Research | Husbandry |
| 20:18 | Build | Stable |
| 20:38 | Create | Villager (Male) |
| 20:38 | Create | Villager (Male) |
| 20:44 | Build | Farm |
| 20:48 | Build | Farm |
| 20:53 | Build | Farm |
| 21:00 | Create | Villager (Male) |
| 21:01 | Create | Villager (Male) |
| 21:01 | Create | Villager (Male) |
| 21:05 | Create | Villager (Male) |
| 21:45 | Build | Farm |
| 21:52 | Build | Farm |
| 21:55 | Build | Farm |
| 22:15 | Create | Villager (Male) |
| 22:15 | Create | Villager (Male) |
| 22:30 | Build | Town Center |
| 22:43 | Build | Town Center |
| 23:05 | Create | Villager (Male) |
| 23:05 | Create | Villager (Male) |
| 23:05 | Create | Villager (Male) |
| 23:06 | Create | Villager (Male) |
| 23:08 | Research | Wheelbarrow |
| 23:18 | Build | Farm |
| 23:25 | Build | Farm |
| 23:34 | Build | House |
| 23:59 | Create | Villager (Male) |
| 24:03 | Create | Villager (Male) |
| 24:04 | Create | Villager (Male) |
| 24:15 | Build | Farm |
| 24:18 | Create | Villager (Male) |
| 24:18 | Create | Villager (Male) |
| 24:27 | Create | Villager (Male) |
| 24:34 | Build | House |
| 24:35 | Build | House |
| 24:55 | Research | Scale Barding Armor |
| 25:00 | Create | Villager (Male) |
| 25:00 | Create | Villager (Male) |
| 25:05 | Build | Farm |
| 25:09 | Build | Farm |
| 25:15 | Build | Farm |
| 25:22 | Build | Farm |
| 25:27 | Build | Farm |
| 25:30 | Build | Farm |
| 25:37 | Build | Farm |
| 25:38 | Create | Villager (Male) |
| 25:38 | Create | Villager (Male) |
| 25:38 | Create | Villager (Male) |
| 25:39 | Create | Villager (Male) |
| 25:39 | Create | Villager (Male) |
| 25:43 | Build | Farm |
| 25:56 | Build | Farm |
| 26:09 | Create | Knight ×4 |
| 26:23 | Build | Farm |
| 26:26 | Build | Farm |
| 26:32 | Build | Farm |
| 26:33 | Build | Farm |
| 26:40 | Build | Farm |
| 26:42 | Build | Farm |
| 26:48 | Build | Farm |
| 26:52 | Build | Farm |
| 26:54 | Build | Farm |
| 27:12 | Create | Villager (Male) |
| 27:12 | Create | Villager (Male) |
| 27:13 | Create | Villager (Male) |
| 27:15 | Research | Hand Cart |
| 27:26 | Create | Villager (Male) |
| 27:26 | Create | Villager (Male) |
Build order — malte40
First 150 of 356 actions detected
| 0:01 | Create | Villager (Male) ×4 |
| 1:17 | Create | Villager (Male) |
| 1:17 | Create | Villager (Male) |
| 1:46 | Create | Villager (Male) |
| 2:15 | Create | Villager (Male) |
| 2:42 | Create | Villager (Male) |
| 2:42 | Create | Villager (Male) |
| 3:27 | Build | Lumber Camp |
| 3:50 | Create | Villager (Male) |
| 3:50 | Create | Villager (Male) |
| 3:51 | Create | Villager (Male) |
| 4:32 | Create | Villager (Male) |
| 4:32 | Create | Villager (Male) |
| 4:32 | Create | Villager (Male) |
| 5:18 | Create | Villager (Male) |
| 6:01 | Build | Mill |
| 6:06 | Create | Villager (Male) |
| 6:20 | Create | Villager (Male) |
| 6:26 | Research | Loom |
| 7:06 | Research | Feudal Age |
| 7:54 | Build | Lumber Camp |
| 7:56 | Create | Villager (Male) |
| 8:46 | Build | Barracks |
| 9:01 | Create | Villager (Male) |
| 9:20 | Age | Feudal Age |
| 9:57 | Build | Stable |
| 10:10 | Research | Horse Collar |
| 10:16 | Create | Villager (Male) |
| 10:16 | Create | Villager (Male) |
| 10:17 | Create | Villager (Male) |
| 10:43 | Create | Scout Cavalry |
| 10:44 | Create | Scout Cavalry |
| 10:44 | Create | Scout Cavalry |
| 10:53 | Build | Palisade Wall |
| 10:56 | Build | Palisade Wall |
| 10:57 | Create | Spearman |
| 10:59 | Create | Scout Cavalry |
| 11:13 | Create | Villager (Male) |
| 11:38 | Build | Blacksmith |
| 11:39 | Create | Villager (Male) |
| 11:48 | Build | Farm |
| 11:58 | Create | Villager (Male) |
| 12:17 | Create | Villager (Male) |
| 12:19 | Create | Scout Cavalry |
| 12:26 | Build | Farm |
| 12:27 | Build | Farm |
| 12:30 | Research | Double-Bit Axe |
| 12:43 | Build | Farm |
| 12:45 | Create | Villager (Male) |
| 13:37 | Create | Villager (Male) |
| 13:40 | Build | Mining Camp |
| 14:05 | Create | Villager (Male) |
| 14:08 | Build | Farm |
| 14:09 | Build | Farm |
| 14:11 | Research | Forging |
| 14:11 | Research | Scale Barding Armor |
| 14:49 | Build | Palisade Wall |
| 15:02 | Build | Farm |
| 15:03 | Build | Farm |
| 15:06 | Create | Villager (Male) |
| 15:06 | Create | Villager (Male) |
| 15:07 | Create | Villager (Male) |
| 15:52 | Build | Palisade Wall |
| 16:00 | Build | Farm |
| 16:03 | Build | Farm |
| 16:41 | Build | Market |
| 16:50 | Build | Farm |
| 16:53 | Create | Villager (Male) |
| 16:53 | Create | Villager (Male) |
| 17:02 | Build | Farm |
| 17:03 | Build | Farm |
| 17:43 | Research | Castle Age |
| 18:12 | Build | Mining Camp |
| 18:49 | Research | Wheelbarrow |
| 19:52 | Build | Stone Wall |
| 19:54 | Build | Stone Wall |
| 20:17 | Create | Villager (Male) |
| 20:17 | Create | Villager (Male) |
| 20:23 | Age | Castle Age |
| 20:24 | Build | Town Center |
| 20:27 | Build | Town Center |
| 20:40 | Build | Town Center |
| 20:50 | Create | Villager (Male) |
| 20:51 | Create | Villager (Male) |
| 21:01 | Research | Bow Saw |
| 21:30 | Research | Heavy Plow |
| 21:33 | Create | Villager (Male) |
| 21:45 | Build | Farm |
| 22:13 | Build | Farm |
| 22:15 | Build | Farm |
| 22:21 | Build | Farm |
| 22:22 | Create | Villager (Male) |
| 22:22 | Create | Villager (Male) |
| 22:28 | Create | Villager (Male) |
| 22:28 | Create | Villager (Male) |
| 22:29 | Create | Villager (Male) |
| 22:33 | Build | Farm |
| 22:49 | Create | Villager (Male) |
| 22:50 | Create | Villager (Male) |
| 23:02 | Build | Monastery |
| 23:07 | Create | Villager (Male) |
| 23:07 | Create | Villager (Male) |
| 23:12 | Create | Villager (Male) |
| 23:16 | Build | Farm |
| 23:18 | Build | Farm |
| 23:21 | Create | Villager (Male) |
| 23:21 | Create | Villager (Male) |
| 23:22 | Create | Villager (Male) |
| 23:40 | Create | Villager (Male) |
| 23:41 | Create | Monk |
| 23:44 | Build | Farm |
| 23:46 | Build | Farm |
| 23:50 | Create | Villager (Male) |
| 23:50 | Create | Villager (Male) |
| 23:50 | Create | Villager (Male) |
| 23:53 | Build | Farm |
| 24:09 | Create | Villager (Male) |
| 24:09 | Create | Villager (Male) |
| 24:10 | Create | Villager (Male) |
| 24:12 | Build | Farm |
| 24:14 | Build | Farm |
| 24:49 | Build | Gate |
| 25:12 | Build | Gate |
| 25:15 | Create | Villager (Male) |
| 25:15 | Create | Villager (Male) |
| 25:16 | Create | Villager (Male) |
| 25:16 | Create | Villager (Male) |
| 25:17 | Create | Villager (Male) |
| 25:17 | Create | Villager (Male) |
| 25:17 | Create | Villager (Male) |
| 25:20 | Build | Farm |
| 25:22 | Build | Farm |
| 25:26 | Build | Farm |
| 25:26 | Create | Villager (Male) |
| 25:26 | Create | Villager (Male) |
| 25:35 | Create | Villager (Male) |
| 25:43 | Create | Villager (Male) |
| 25:43 | Create | Villager (Male) |
| 25:44 | Create | Villager (Male) |
| 25:46 | Build | Farm |
| 25:48 | Build | Farm |
| 25:49 | Create | Villager (Male) |
| 25:49 | Create | Villager (Male) |
| 26:03 | Create | Villager (Male) |
| 26:03 | Create | Villager (Male) |
| 26:16 | Create | Villager (Male) |
| 26:16 | Create | Villager (Male) |
| 26:19 | Build | Farm |
| 26:21 | Build | Farm |
| 26:29 | Create | Villager (Male) |
Match timeline
| 3:53 | noelzey · wall_segment Palisade Wall x1 |
| 3:54 | noelzey · wall_segment Palisade Wall x1 |
| 5:23 | Division 4 · wall_segment Palisade Wall x1 |
| 6:03 | AYKIRI · wall_segment Palisade Wall x1 |
| 6:23 | Division 4 · wall_segment Palisade Wall x7 |
| 6:26 | Division 4 · wall_segment Palisade Wall x6 |
| 7:24 | The_Count · first_building Barracks |
| 7:36 | zoid · first_building Barracks |
| 8:03 | Fabrikarbeiter · first_building Barracks |
| 8:14 | emrek03 · first_building Barracks |
| 8:34 | noelzey · wall_segment Palisade Wall x9 |
| 8:40 | Division 4 · first_building Barracks |
| 8:46 | malte40 · first_building Barracks |
| 9:05 | emrek03 · wall_segment Palisade Wall x5 |
| 9:15 | emrek03 · wall_segment Palisade Wall x1 |
| 9:20 | malte40 · age_up feudal |
| 9:21 | zoid · wall_segment Palisade Wall x1 |
| 9:24 | zoid · wall_segment Palisade Wall x2 |
| 9:26 | emrek03 · wall_segment Palisade Wall x7 |
| 9:45 | zoid · age_up feudal |
| 9:51 | zoid · first_building Stable |
| 9:57 | malte40 · first_building Stable |
| 10:27 | emrek03 · age_up feudal |
| 10:29 | noelzey · wall_segment Palisade Wall x10 |
| 10:29 | The_Count · age_up feudal |
| 10:30 | emrek03 · wall_segment Palisade Wall x15 |
| 10:31 | emrek03 · wall_segment Palisade Wall x1 |
| 10:32 | emrek03 · wall_segment Palisade Wall x1 |
| 10:35 | zoid · wall_segment Palisade Wall x7 |
| 10:36 | The_Count · first_building Archery Range |
| 10:40 | zoid · wall_segment Palisade Wall x5 |
| 10:44 | emrek03 · first_building Archery Range |
| 10:44 | zoid · wall_segment Palisade Wall x3 |
| 10:50 | Fabrikarbeiter · age_up feudal |
| 10:53 | malte40 · wall_segment Palisade Wall x4 |
| 10:56 | malte40 · wall_segment Palisade Wall x10 |
| 10:56 | Fabrikarbeiter · first_building Stable |
| 11:10 | The_Count · wall_segment Palisade Wall x19 |
| 11:14 | AYKIRI · wall_segment Palisade Wall x4 |
| 11:17 | Division 4 · wall_segment Palisade Wall x4 |
| 11:21 | AYKIRI · wall_segment Palisade Wall x9 |
| 11:28 | The_Count · wall_segment Palisade Wall x2 |
| 11:30 | AYKIRI · wall_segment Palisade Wall x1 |
| 11:33 | The_Count · wall_segment Palisade Wall x3 |
| 12:03 | The_Count · wall_segment Palisade Wall x1 |
| 12:08 | noelzey · age_up feudal |
| 12:12 | Division 4 · age_up feudal |
| 12:17 | AYKIRI · wall_segment Palisade Wall x5 |
| 12:21 | AYKIRI · wall_segment Palisade Wall x4 |
| 12:28 | Fabrikarbeiter · wall_segment Palisade Wall x8 |
| 13:02 | AYKIRI · age_up feudal |
| 13:16 | noelzey · wall_segment Palisade Wall x1 |
| 13:33 | Division 4 · wall_segment Palisade Wall x1 |
| 13:41 | noelzey · first_building Barracks |
| 13:54 | noelzey · wall_segment Palisade Wall x1 |
| 14:37 | noelzey · first_building Archery Range |
| 14:49 | malte40 · wall_segment Palisade Wall x1 |
| 15:52 | malte40 · wall_segment Palisade Wall x1 |
| 15:59 | AYKIRI · first_market_sell 100 food |
| 16:00 | AYKIRI · first_market_buy 100 wood |
| 16:06 | AYKIRI · first_building Barracks |
| 16:08 | noelzey · age_up castle |
| 17:07 | AYKIRI · first_building Stable |
| 17:50 | AYKIRI · age_up castle |
| 18:19 | Fabrikarbeiter · first_building Archery Range |
| 18:30 | noelzey · first_market_sell 100 wood |
| 19:51 | Division 4 · first_market_buy 100 food |
| 19:52 | malte40 · wall_segment Stone Wall x12 |
| 19:54 | malte40 · wall_segment Stone Wall x6 |
| 19:55 | The_Count · wall_segment Palisade Wall x1 |
| 20:08 | zoid · age_up castle |
| 20:23 | malte40 · age_up castle |
| 20:26 | The_Count · wall_segment Stone Wall x9 |
| 20:29 | Fabrikarbeiter · age_up castle |
| 20:33 | malte40 · first_market_buy 100 wood |
| 21:09 | Fabrikarbeiter · wall_segment Palisade Wall x14 |
| 21:27 | Division 4 · first_building Archery Range |
| 21:47 | The_Count · age_up castle |
| 22:06 | zoid · wall_segment Palisade Wall x1 |
| 22:11 | Division 4 · first_building Stable |
| 22:33 | Division 4 · age_up castle |
| 23:02 | malte40 · first_building Monastery |
| 23:24 | emrek03 · age_up castle |
| 23:30 | Fabrikarbeiter · first_building Monastery |
| 27:00 | The_Count · first_market_sell 100 wood |
| 27:26 | noelzey · first_building Siege Workshop |
| 27:27 | Fabrikarbeiter · first_building Castle |
| 28:26 | malte40 · first_market_sell 100 food |
| 28:35 | Fabrikarbeiter · wall_segment Palisade Wall x12 |
| 28:49 | zoid · first_building Monastery |
| 29:05 | Division 4 · first_building Monastery |
| 29:28 | Division 4 · first_building Castle |
| 29:58 | The_Count · first_building Castle |
| 30:07 | malte40 · first_building Castle |
| 30:23 | AYKIRI · first_building Monastery |
| 30:35 | AYKIRI · first_building Siege Workshop |
| 30:55 | emrek03 · first_building Monastery |
| 32:33 | malte40 · age_up imperial |
| 33:05 | noelzey · first_building Castle |
| 33:10 | Fabrikarbeiter · age_up imperial |
| 33:55 | noelzey · wall_segment Stone Wall x40 |
| 34:01 | zoid · age_up imperial |
| 34:43 | AYKIRI · age_up imperial |
| 35:20 | The_Count · wall_segment Stone Wall x15 |
| 35:23 | The_Count · age_up imperial |
| 35:24 | emrek03 · age_up imperial |
| 35:54 | noelzey · first_building Monastery |
| 36:09 | zoid · first_building Castle |
| 36:14 | The_Count · first_market_buy 100 stone |
| 37:20 | noelzey · wall_segment Stone Wall x4 |
| 37:50 | noelzey · age_up imperial |
| 38:11 | emrek03 · wall_segment Stone Wall x3 |
| 38:20 | zoid · first_market_sell 100 food |
| 38:34 | emrek03 · wall_segment Stone Wall x5 |
| 39:07 | Fabrikarbeiter · first_market_buy 100 food |
| 39:34 | zoid · tribute_sent a jugador 1 |
| 39:34 | zoid · tribute_sent a jugador 2 |
| 39:34 | zoid · tribute_sent a jugador 3 |
| 39:34 | zoid · tribute_sent a jugador 4 |
| 39:34 | zoid · tribute_sent a jugador 5 |
| 39:34 | zoid · tribute_sent a jugador 7 |
| 39:34 | zoid · tribute_sent a jugador 8 |
| 39:38 | noelzey · wall_segment Palisade Wall x9 |
| 39:41 | noelzey · wall_segment Palisade Wall x6 |
| 40:13 | The_Count · wall_segment Stone Wall x4 |
| 40:20 | The_Count · wall_segment Stone Wall x13 |
| 40:39 | The_Count · wall_segment Stone Wall x9 |
| 40:41 | The_Count · wall_segment Stone Wall x11 |
| 42:18 | Division 4 · age_up imperial |
| 42:43 | AYKIRI · first_building Castle |
| 44:53 | emrek03 · wall_segment Stone Wall x7 |
| 44:54 | Fabrikarbeiter · resign |
[ AI ANALYSIS · 1 CREDIT ]
What really happened in this match?
Wolo.gg analyzes every decision: build order, eco, micro, common mistakes by bracket. Personalized analysis on WhatsApp or Discord in 30 seconds.
Civ guide
Japanese
Perfil
Jugador #4639278